 Dungeon Crawl Stone Soup version 0.17-a0-1763-g847a857 (console) character file.

794 Illiel the Archer (level 7, -4/47 HPs)
             Began as a High Elf Arcane Marksman on Sept 4, 2015.
             Was a Follower of Okawaru.
             Slain by an ogre
             ... wielding a +0 giant club
              (20 damage)
             ... on level 5 of the Dungeon.
             The game lasted 00:37:11 (5967 turns).

Illiel the Archer (High Elf Arcane Marksman)        Turns: 5967, Time: 00:37:12

Health: -4/47      AC:  4    Str: 10    XL:     7   Next: 58%
Magic:  11/12      EV: 13    Int: 17    God:    Okawaru [*.....]
Gold:   167        SH:  0    Dex: 17    Spells: 3 memorised, 6 levels left

rFire  . . .     SeeInvis +     b - +0 long sword
rCold  . . .     Clarity  .     c - +0 robe
rNeg   . . .     SustAt   .     (no shield)
rPois  .         Gourm    .     (no helmet)
rElec  .         Spirit   .     (no cloak)
rCorr  .         Warding  .     (no gloves)
rMut   .         Stasis   .     v - +1 pair of boots
MR     .....                    (no amulet)
Stlth  ++........               (no ring)
                                (no ring)

@: not resistant to hostile enchantments, unstealthy
A: see invisible, robust 1
a: Heroism, Renounce Religion


You were on level 5 of the Dungeon.
You worshipped Okawaru.
Okawaru was aware of your devotion.
You were hungry.

You visited 2 branches of the dungeon, and saw 6 of its levels.
You also visited: Ossuary.

You collected 167 gold pieces.

Inventory:

Hand weapons
 a - a +1 shortbow
 b - a +0 long sword (weapon)
Missiles
 m - 10 poisoned arrows
 B - an arrow
Armour
 c - a +0 robe (worn)
 v - a +1 pair of boots (worn)
Jewellery
 y - an uncursed amulet of guardian spirit
Scrolls
 f - 3 scrolls of teleportation
 g - a scroll of recharging
 h - 3 scrolls of remove curse
 k - a scroll of enchant armour
 l - a scroll of fear
 E - a scroll of identify
Potions
 i - a potion of magic {unknown}
 n - 2 potions of haste
 o - 3 potions of curing
 p - 3 potions of mutation {unknown}
 q - a potion of berserk rage
 r - a potion of ambrosia
 s - 2 potions of lignification {unknown}
 t - 2 potions of flight {unknown}
 u - a potion of cancellation {unknown}
 w - a potion of brilliance {unknown}
 x - a potion of invisibility {unknown}
 z - a potion of degeneration {unknown}
 A - 2 potions of heal wounds {unknown}
 C - a potion of resistance
Books
 d - a book of Debilitation

   Spells                             Type                      Level
   a - Corona                         Hexes                        1
   b - Slow                           Hexes                        2
   c - Gell's Gravitas                Hexes/Translocation          3
   d - Inner Flame                    Hexes/Fire                   3
   e - Cause Fear                     Hexes                        4
   f - Leda's Liquefaction            Hexes/Earth                  4
Comestibles
 e - 3 bread rations
 j - 2 meat rations
 D - 2 chunks of flesh


   Skills:
 - Level 1.0 Fighting
 + Level 3.8 Long Blades
 * Level 8.1 Bows
 + Level 1.3 Armour
 + Level 2.9 Dodging
 + Level 3.1 Spellcasting
 + Level 3.5 Hexes
 + Level 2.1 Fire Magic
 + Level 1.0 Invocations


You had 6 spell levels left.
You knew the following spells:

 Your Spells              Type           Power        Failure   Level  Hunger
a - Corona                Hex            ##.....      4%          1    None
b - Slow                  Hex            ##......     10%         2    ##.....
c - Inner Flame           Hex/Fire       ##......     17%         3    ###....


Dungeon Overview and Level Annotations

Branches:
Dungeon (5/15)             Temple (1/1) D:4

Altars:
Ashenzari
Cheibriados
Dithmenos
Elyvilon
Fedhas
Gozag
Kikubaaqudgha
Makhleb
Nemelex Xobeh
Okawaru
Qazlal
Ru
Sif Muna
Trog
Vehumet
Xom
Yredelemnul
Zin
The Shining One


Innate Abilities, Weirdness & Mutations

You have supernaturally acute eyesight.
You are robust (+10% HP).


Message History

Firing (i - inventory. (,) - cycle):
B - 2 arrows (quivered)
Press: ? - help, Shift-Dir - straight line, f/p - ogre
Aim: an ogre, wielding a giant club (heavily wounded, softly glowing)
You shoot an arrow. The arrow hits the ogre.
The ogre is heavily wounded.
b - a +0 long sword (weapon)
You hit the ogre but do no damage.
The ogre is heavily wounded.
The ogre barely misses you.
You slash the ogre!
The ogre is severely wounded.
You feel like a meek peon again. The ogre misses you.
You slash the ogre!
The ogre is almost dead.
The ogre stops glowing.
The ogre hits you with a giant club!
You hit the ogre but do no damage.
The ogre is almost dead.
The ogre hits you with a giant club!!
You die...

▒∙∙∙▒ ▒∙▒∙▒ ∙▒▒∙▒
▒▒▒∙▒ ▒▒▒<▒
∙∙∙∙▒▒▒ ∙∙∙∙∙∙▒
∙∙∙∙▒∙▒ ▒▒▒
∙▒∙▒▒∙▒ ▒(∙∙▒
∙∙∙∙∙∙▒ ▒∙▒∙▒
∙▒∙▒∙∙▒ ▒∙▒∙▒
∙▒∙▒∙∙▒ ▒∙▒∙▒
∙∙∙∙∙∙▒ ▒(▒∙▒
▒▒▒▒▒▒▒ ▒ ▒(▒∙▒
▒∙▒(▒∙▒▒ ▒∙∙
▒∙▒O∙∙∙▒▒▒▒∙ ▒∙▒
▒∙∙@∙∙∙∙∙∙∙∙ ▒∙▒
▒▒▒∙∙∙∙▒▒▒▒∙ ▒▒∙▒
∙▒▒▒▒▒▒▒▒∙▒∙▒▒▒▒▒∙
▒▒∙▒


∙∙∙∙∙∙∙∙∙∙∙∙∙∙∙∙∙∙ ▒▒∙▒ ▒▒▒▒▒▒▒▒▒∙▒∙∙∙∙∙∙∙ ▒▒∙▒ ▒∙▒▒▒▒▒▒▒▒ ▒▒∙▒▒▒▒▒▒▒▒▒▒▒▒▒∙▒
∙∙∙∙∙∙∙∙∙∙∙∙∙∙∙∙∙▒ ▒▒▒▒▒▒▒▒▒▒▒▒▒▒▒▒▒▒ You could see an ogre.

Vanquished Creatures
  A phantom (D:5)
  An ogre (D:5)
  A crimson imp (D:5)
  A jelly (D:5)
  An orc wizard (D:3)
  2 worker ants
  Natasha (D:4)
  An iguana (D:4)
  14 mummies (Ossuary)
  7 adders
  4 gnolls
  2 oozes
  5 worms
  6 giant geckos
  5 orcs (D:4)
  2 ball pythons
  A gnoll skeleton (Ossuary)
  5 hobgoblins
  14 jackals
  6 kobolds
  7 quokkas
  13 bats
  3 giant cockroaches
  5 giant newts
  7 goblins
  2 goblin skeletons (Ossuary)
  A jackal skeleton (D:4)
  3 kobold skeletons (Ossuary)
  2 orc skeletons (Ossuary)
  5 rats
  11 rat skeletons (Ossuary)
139 creatures vanquished.

Vanquished Creatures (others)
  A fungus (D:1)
1 creature vanquished.

Grand Total: 140 creatures vanquished

Notes
Turn   | Place    | Note
--------------------------------------------------------------
     0 | D:1      | Illiel the High Elf Arcane Marksman began the quest for the Orb.
     0 | D:1      | Reached XP level 1. HP: 13/13 MP: 3/3
   283 | D:1      | Reached skill level 4 in Bows
   283 | D:1      | Reached XP level 2. HP: 8/18 MP: 1/4
   291 | D:1      | Learned a level 2 spell: Slow
  1206 | D:1      | Reached XP level 3. HP: 23/23 MP: 3/5
  1395 | D:2      | Reached skill level 5 in Bows
  1563 | D:2      | Reached XP level 4. HP: 23/28 MP: 1/6
  1795 | D:2      | Reached skill level 6 in Bows
  2538 | D:3      | Found a shattered altar of Ashenzari.
  2804 | D:3      | Found a sacrificial altar of Ru.
  2811 | D:3      | Reached skill level 1 in Long Blades
  2811 | D:3      | Reached XP level 5. HP: 33/33 MP: 7/7
  2912 | D:3      | Reached skill level 7 in Bows
  2921 | D:3      | Found a deep blue altar of Sif Muna.
  3027 | D:3      | Found a white marble altar of Elyvilon.
  3334 | D:3      | Learned a level 3 spell: Inner Flame
  3551 | D:4      | Found a blossoming altar of Fedhas.
  3573 | D:4      | Noticed Natasha
  3581 | D:4      | Killed Natasha
  3669 | D:4      | Gained mutation: You have supernaturally acute eyesight. [potion of beneficial mutation]
  3716 | D:4      | Found a radiant altar of Vehumet.
  3732 | D:4      | Found an iron altar of Okawaru.
  3737 | D:4      | Became a worshipper of Warmaster Okawaru
  3903 | D:4      | Found a sand-covered staircase.
  3912 | Ossuary  | Entered an ossuary
  3922 | Ossuary  | Reached XP level 6. HP: 36/38 MP: 7/9
  3970 | Ossuary  | Reached skill level 1 in Fire Magic
  4009 | Ossuary  | Gained mutation: You are robust (+10% HP). [potion of beneficial mutation]
  5200 | D:4      | Reached skill level 1 in Armour
  5222 | D:4      | Reached XP level 7. HP: 35/47 MP: 9/11
  5407 | D:4      | Found a staircase to the Ecumenical Temple.
  5498 | Temple   | Entered the Ecumenical Temple
  5654 | D:5      | Entered Level 5 of the Dungeon
  5724 | D:5      | Acquired Okawaru's first power
  5797 | D:5      | Found a glowing silver altar of Zin.
  5822 | D:5      | Reached skill level 8 in Bows
  5933 | D:5      | Reached skill level 1 in Invocations
  5967 | D:5      | Slain by an ogre

Vault maps used:
D:1:      evilmike_arrival_plus, minivault_26, minmay_shallow_snake_nest
D:2:      first_bread
D:3:      old_standard_altar, tgw_sif, lemuel_crystal_altar,
          nicolae_ru_great_annihilating_truth
D:4:      kennysheep_little_box, kennysheep_mini_moat,
          overflow_temple_1_default, temple_hall,
          nicolae_ossuary_entry_monument, corexii_leaking_fountain, uniq_natasha
D:5:      kennysheep_big_flooded_room, lemuel_doored_altar, basic_altar,
          grunt_gozag_statues
Temple:   eino_temple_water_12
Ossuary:  ossuary_due_small_catacomb

Action                   |  1- 3 |  4- 6 |  7- 9 || total
-------------------------+-------+-------+-------++-------
Melee: Falchion          |       |    16 |       ||    16
       Long sword        |       |    95 |    53 ||   148
 Fire: Shortbow          |    68 |   233 |    31 ||   332
 Cast: Corona            |    11 |    52 |    11 ||    74
       Slow              |     5 |    37 |     6 ||    48
       Inner Flame       |       |     2 |       ||     2
Invok: Heroism           |       |       |     1 ||     1
  Use: Scroll            |       |    16 |       ||    16
       Potion            |       |     2 |     1 ||     3
 Stab: Sleeping          |       |     1 |       ||     1
  Eat: Chunk             |     3 |    11 |     2 ||    16
       Bread ration      |       |     1 |       ||     1
